Map: Abyssal Reef LE

Players

Ziggy

  • Race: Terran Terran
  • Spawn Location: 11:00

BAILS - Winner!

  • Race: Protoss Protoss
  • Spawn Location: 5:00

Event: WCS Montreal 2017

VOD

Have the link to the VOD?

Description

Time

  • Played on: Sept. 8, 2017, 11:35 a.m.
  • Length: 10:26

All games in this series

Show
View Real Time Build Order
Export as new Build Order

Ziggy Terran 

Build Orders: Reaper Expand, MMM Bio 

Get SALT Encoding   

  12  0:03  SCV  
  13  0:15  SCV  
  13  0:19  Supply Depot  
  14  0:27  SCV  
  15  0:41  SCV  
  16  0:43  Barracks  
  16  0:48  Refinery  
  16  0:53  SCV  
  17  1:05  SCV  
  18  1:17  SCV  
  19  1:30  Orbital Command  
  19  1:31  Reaper  
  20  1:42  Command Center  
  20  1:55  Barracks  
  20  1:57  SCV  
  21  2:04  Barracks Reactor  
  21  2:09  Supply Depot, SCV  
  22  2:18  Refinery  
  22  2:21  SCV  
  23  2:32  Factory  
  23  2:33  SCV  
  24  2:41  Marine x2  
  24  2:42  Barracks Tech Lab  
  26  2:45  SCV  
  27  2:55  Orbital Command  
  27  2:57  SCV  
  28  2:59  Marine x2  
  28  3:00  Marine  
  31  3:09  Stimpack  
  31  3:13  SCV  
  31  3:17  Marine x2  
  34  3:23  Starport  
  34  3:25  Factory Reactor  
  34  3:28  SCV  
  34  3:30  SCV  
  34  3:33  Marine  
  37  3:35  Marine  
  37  3:36  Marine  
  37  3:40  SCV  
  40  3:50  Marine  
  40  3:53  Marine  
  43  4:00  Supply Depot  
  43  4:01  Supply Depot  
  43  4:06  Marine  
  43  4:07  Medivac  
  43  4:08  Medivac  
  46  4:12  Refinery  
  46  4:21  Marine  
  46  4:22  Barracks, Marine, SCV x2  
  50  4:28  Liberator  
  50  4:33  Supply Depot, Factory Tech Lab  
  50  4:34  SCV x2  
  50  4:35  Marine  
  53  4:39  Marine x2  
  58  4:46  SCV  
  58  4:48  SCV  
  60  4:52  Marine  
  60  4:54  Siege Tank  
  60  4:57  Marine x2  
  60  4:59  SCV, Refinery  
  67  5:00  SCV  
  67  5:03  Supply Depot  
  68  5:10  Combat Shields, Marine  
  68  5:11  Barracks Tech Lab  
  68  5:13  SCV  
  70  5:20  Marine, SCV  
  69  5:25  Marine  
  69  5:27  Siege Tank  
  69  5:28  Marine  
  71  5:29  SCV  
  71  5:30  Marine  
  71  5:31  Liberator  
  71  5:32  SCV  
  71  5:34  Supply Depot  
  75  5:38  Marine  
  75  5:40  Liberator  
  75  5:42  Marine  
  75  5:46  Marine  
  78  5:55  Marine, SCV x2  
  78  5:56  Marine  
  82  6:00  Supply Depot  
  85  6:07  SCV  
  86  6:16  Supply Depot  
  86  6:20  Liberator  
  86  6:21  Siege Tank, Marine x2, SCV  
  86  6:22  Marauder  
  94  6:28  Liberator  
  94  6:29  Supply Depot  
  94  6:37  Marine  
  94  6:38  SCV  
  94  6:39  Marine x2  
  101  6:43  Marine  
  88  6:55  Marine  
  88  6:57  Marine  
  88  6:59  Siege Tank  
  88  7:01  Marauder  
  95  7:05  Marine  
  95  7:06  Command Center  
  96  7:10  Liberator  
  96  7:13  Marauder  
  96  7:15  Marine  
  84  7:22  Marauder  
  82  7:24  SCV x2  
  82  7:25  Engineering Bay  
  82  7:26  Engineering Bay  
  87  7:35  Marauder  
  89  7:38  SCV x2  
  89  7:42  Siege Tank  
  89  7:44  Marauder  
  96  7:46  Concussive Shells  
  96  7:51  Terran Infantry Weapons Level 1  
  96  7:53  Barracks x2  
  96  7:56  Marauder  
  98  8:05  Marauder  
  100  8:15  Siege Tank  
  100  8:17  Marine x2  
  100  8:18  Marauder  
  100  8:19  Terran Infantry Armor Level 1  
  104  8:22  Orbital Command  
  104  8:24  SCV x2  
  104  8:26  Marauder  
  108  8:27  Medivac  
  108  8:31  Medivac  
  112  8:39  Marauder  
  114  8:42  SCV x2  
  114  8:48  Marauder  
  118  8:49  Refinery  
  118  8:55  Refinery  
  118  8:59  Orbital Command, Medivac  
  118  9:00  Medivac, Marauder  
  118  9:02  Barracks Tech Lab x2  
  124  9:08  SCV x2  
  124  9:09  Marine x2, Marauder  
  130  9:20  SCV  
  130  9:21  Barracks x2  
  130  9:22  Barracks, Marauder  
  128  9:27  Marauder x2  
  132  9:35  Supply Depot x2, Medivac  
  132  9:36  Marauder  
  132  9:37  SCV x2  
  138  9:43  Marauder  
  140  9:56  Armory, Marauder x2  
  140  9:57  Marauder  
  146  10:04  SCV  
  147  10:10  Command Center  
Show
View Real Time Build Order
Export as new Build Order

BAILS Protoss - Winner!

Build Orders: 1 Gate Expand, Colossus Rush 

Get SALT Encoding   

  12  0:03  Probe (Chrono Boost)  
  13  0:13  Probe (Chrono Boost)  
  14  0:18  Pylon  
  14  0:24  Probe (Chrono Boost)  
  15  0:37  Probe (Chrono Boost)  
  15  0:39  Gateway  
  16  0:47  Probe (Chrono Boost)  
  16  0:48  Assimilator  
  17  0:58  Probe (Chrono Boost)  
  18  1:08  Probe (Chrono Boost)  
  19  1:19  Probe (Chrono Boost)  
  20  1:30  Nexus  
  20  1:40  Cybernetics Core  
  20  1:43  Probe (Chrono Boost)  
  21  1:49  Assimilator  
  22  1:54  Probe (Chrono Boost)  
  22  2:01  Pylon  
  22  2:05  Probe (Chrono Boost)  
  23  2:19  Adept (Chrono Boost)  
  23  2:20  Mothership Core (Chrono Boost)  
  23  2:21  Warp Gate (Chrono Boost)  
  27  2:37  Robotics Facility  
  27  2:38  Probe (Chrono Boost)  
  27  2:43  Probe  
  28  2:47  Adept (Chrono Boost)  
  28  2:49  Probe  
  32  2:53  Probe  
  33  3:02  Probe  
  33  3:04  Probe  
  34  3:14  Probe (Chrono Boost), Adept (Chrono Boost)  
  34  3:16  Probe (Chrono Boost)  
  38  3:25  Probe (Chrono Boost), Observer  
  38  3:26  Probe (Chrono Boost)  
  41  3:35  Gateway  
  41  3:36  Gateway  
  41  3:38  Probe  
  41  3:40  Probe  
  43  3:44  Pylon  
  43  3:45  Observer  
  44  3:50  Probe  
  44  3:53  Probe  
  46  4:01  Pylon  
  46  4:02  Assimilator, Probe (Chrono Boost)  
  47  4:04  Assimilator  
  47  4:05  Probe (Chrono Boost)  
  47  4:09  Robotics Bay  
  48  4:14  Probe (Chrono Boost)  
  49  4:18  Stalker  
  49  4:19  Probe (Chrono Boost)  
  52  4:25  Probe (Chrono Boost)  
  52  4:29  Probe (Chrono Boost), Immortal (Chrono Boost)  
  58  4:36  Probe  
  59  4:39  Pylon  
  59  4:40  Sentry  
  59  4:44  Probe  
  61  4:47  Pylon  
  62  5:00  Stalker x2, Twilight Council  
  62  5:06  Colossus (Chrono Boost)  
  66  5:12  Probe  
  73  5:28  Extended Thermal Lance (Chrono Boost), Pylon  
  73  5:33  Adept x2  
  77  5:42  Pylon  
  77  5:47  Pylon  
  76  5:51  Blink (Chrono Boost)  
  76  5:52  Gateway  
  76  5:59  Nexus  
  76  6:01  Colossus  
  82  6:15  Probe  
  82  6:17  Stalker  
  85  6:18  Stalker  
  85  6:24  Pylon  
  88  6:36  Adept  
  89  6:42  Pylon  
  89  6:44  Pylon  
  87  6:47  Colossus  
  75  6:57  Stalker x3  
  75  6:59  Mothership Core  
  75  7:01  Adept  
  91  7:04  Probe  
  92  7:09  Probe  
  85  7:16  Probe  
  85  7:20  Probe x2  
  86  7:28  Sentry  
  86  7:29  Probe, Forge, Adept  
  91  7:30  Adept x2  
  91  7:31  Probe  
  91  7:33  Probe  
  97  7:41  Probe x2  
  97  7:43  Immortal  
  97  7:44  Pylon  
  99  7:45  Probe  
  99  7:49  Resonating Glaives (Chrono Boost)  
  104  7:52  Stalker  
  104  7:53  Stalker  
  108  8:03  Probe  
  109  8:06  Pylon  
  109  8:11  Stalker x2  
  113  8:14  Pylon  
  113  8:15  Probe, Pylon  
  113  8:19  Stalker x2  
  118  8:22  Protoss Ground Weapons Level 1 (Chrono Boost)  
  118  8:30  Pylon  
  118  8:35  Gateway  
  118  8:36  Immortal  
  118  8:40  Gateway  
  122  8:43  Stalker x2  
  126  8:50  Probe x3  
  126  8:51  Assimilator  
  126  8:55  Assimilator  
  129  9:09  Stalker x2  
  133  9:10  Warp Prism, Stalker x2  
  133  9:13  Photon Cannon  
  139  9:31  Nexus  
  139  9:36  Stalker x4  
  147  9:44  Immortal  
  151  9:53  Pylon  
  151  9:58  Gateway  
  151  10:00  Gateway  
  151  10:04  Templar Archives  
  151  10:12  Stalker x5  
  143  10:24  Stalker  
Tags
 
Add a new tag
Caveats
  • Supply blocks, unpowered buildings, or Contaminate may cause inaccurate times.
  • Supply counts are checked every 10 seconds.